woodfighter, chaotic female human Rogue ---------- |{.......| ......@of| |....ror.o |F.......| |........| |........| ---------- woodfighter the Cutpurse Experience level: 5 Strength: 17 Dexterity: 19 Constitution: 12 Intelligence: 14 Wisdom: 8 Charisma: 8 Health: 0(32) Energy: 19(19) Def: 3 Gold: 155 Moves: 2778 Dungeon seed: DqzUwrTLsukC06Kw Game ID: woodfighter_1556398617 Your Inventory: Coins $ - 155 gold pieces Weapons a - a +0 short sword (weapon in hand) b - 11 +0 daggers (in quiver) Armor e - an uncursed +1 leather armor (being worn) n - a blessed +2 orcish helm q - a blessed +0 oilskin cloak r - an uncursed +0 orcish helm Comestibles i - 3 uncursed food rations L - an uncursed tripe ration Wands h - a wand of opening (0:3) k - a wand of digging (0:8) C - a wand of nothing (0:8) K - a wand of enlightenment (0:15) Tools s - an uncursed sack y - an uncursed lock pick W - an uncursed blindfold Contents of the sack: 466 gold pieces a [uncursed] scroll of create monster a [uncursed] scroll of enchant weapon 2 [uncursed] scrolls of remove curse a [uncursed] scroll of scare monster a [uncursed] scroll of teleportation a [uncursed] spellbook of wizard lock a [cursed] potion of confusion an uncursed potion of sickness a [uncursed] potion of water Spells and supernatural/magical abilities: Name Level Category Fail Memory W - pray for help -- divine ? -- Your skills at the end: Miscellaneous Skills wands [Basic] Weapon Skills dagger [Basic] short sword [Basic] Spellcasting Skills Final Attributes: You were piously aligned. You were somewhat stealthy. You were a wererat. You are dead. Vanquished creatures: a fog cloud a giant ant a floating eye a jitterbug a giant bat 2 dwarf zombies a wererat a werejackal a gecko 2 hobgoblins 2 yellow molds a red mold 4 gnomes 4 manes 2 jackals 7 newts 3 goblins 5 sewer rats 8 grid bugs 4 lichens a kobold zombie 53 creatures vanquished. Voluntary challenges: You did not adorn yourself with jewelry or accessories. You did not cause conflict. You were not invisible. You did not have reflection. You were not displaced. You were an atheist. You used a wielded weapon 56 times, starting on turn 126. You did not apply a unicorn horn. You did not use plumbed fixtures. You did not drink any magical draughts. You were illiterate. You never genocided any monsters. You never polymorphed an object. You never changed form. You used no wishes. You never split a pudding. You never wrote Elbereth's name. You never violated your personal moral code. Dungeon overview: The Dungeons of Doom: levels 1 to 6 Level 1 some fountains a long staircase Level 2 some fountains Level 3 (water) stairs to The Gnomish Mines Level 4 a bookstore Level 5 some fountains Level 6 <- You were here a fountain The Gnomish Mines: Level 4 stairs to The Dungeons of Doom History has recorded: On T:1 you entered the Dungeons of Doom to retrieve the Amulet of Yendor! On T:184 you reached level 2 of The Dungeons of Doom. On T:777 you advanced to experience level 2. On T:930 you reached level 3 of The Dungeons of Doom. On T:1022 you reached level 1 of The Gnomish Mines. On T:1103 you reached level 4 of The Dungeons of Doom. On T:1106 you advanced to experience level 3. On T:1401 you advanced to experience level 4. On T:1407 you reached level 5 of The Dungeons of Doom. On T:1991 you reached level 6 of The Dungeons of Doom. On T:2169 you advanced to experience level 5. Score breakdown: Gold: 621 ( 62 points) Experience: 5 levels ( 400 points) Exploration: 6 levels ( 150 points) Discoveries: 13 items ( 650 points) Variety of kills: 21 monsters ( 1050 points) Major goal: (nothing yet) ( 0 points) Survival: died (score multiplied by 3) Total score: 6936 Latest messages: The Uruk-hai stabs you! The Uruk-hai thrusts her crude short sword at kitty. The Uruk-hai stabs kitty. The wererat bites! You finish searching. (2x) Kitty bites the wererat. The wererat misses kitty. The giant rat bites! The Uruk-hai thrusts his crude short sword at you. The Uruk-hai stabs you! The wererat bites! Kitty misses the Uruk-hai. You stab the wererat. Kitty bites the Uruk-hai. The Uruk-hai thrusts her crude short sword at kitty. The Uruk-hai misses kitty. The giant rat bites! The wererat bites! You kill the wererat! You feel more chaotic. Kitty bites the Uruk-hai. The giant rat bites! The Uruk-hai thrusts his crude short sword at you. The Uruk-hai stabs you! The Uruk-hai thrusts her crude short sword at you. The Uruk-hai stabs you! You die... Final status: Goodbye woodfighter the Rogue, killed by an Uruk-hai... You died in The Dungeons of Doom on dungeon level 6 with 6936 points, and 621 pieces of gold, after 2778 moves. You were level 5 with a maximum of 32 hit points when you died.